 Dungeon Crawl Stone Soup version 0.29.1 (webtiles) character file.

Game seed: 9927328274441042760

417 qw the Cleaver (level 6, -1/52 HPs)
             Began as a Minotaur Berserker on Sept 13, 2022.
             Was a Believer of Trog.
             Succumbed to a kobold's poison
             ... on level 3 of the Dungeon.
             The game lasted 00:01:06 (3707 turns).

qw the Cleaver (Minotaur Berserker)                 Turns: 3707, Time: 00:01:07

Health: -1/52      AC:  8    Str: 24    XL:     6   Next: 61%
Magic:  5/5        EV:  8    Int:  4    God:    Trog [**....]
Gold:   178        SH:  0    Dex:  9    Spells: 5/5 levels left

rFire   . . .      SeeInvis .   Y - +0 hand axe
rCold   . . .      Faith    .   (no shield)
rNeg    . . .      Spirit   .   g - +0 chain mail
rPois   .          Reflect  .   (helmet restricted)
rElec   .          Harm     .   (no cloak)
rCorr   .          Rampage  .   (no gloves)
Will    .....                   (no boots)
Stlth   ..........              (no amulet)
HPRegen 0.17/turn               (no ring)
MPRegen 0.09/turn               (no ring)

@: lethally poisoned (-1 -> -7)
A: horns 2, retaliatory headbutt
a: Renounce Religion, Berserk, Trog's Hand


You were on level 3 of the Dungeon.
You worshipped Trog.
Trog was pleased with you.
You visited 1 branch of the dungeon, and saw 3 of its levels.

You collected 178 gold pieces.


Innate Abilities, Weirdness & Mutations

You have a pair of horns on your head.
You reflexively headbutt those who attack you in melee.


   Skills:
 - Level 4.1 Fighting
 + Level 8.9 Axes
 - Level 2.4 Armour
 - Level 2.1 Dodging


You had 5 spell levels left.
You didn't know any spells.
Your spell library was empty.

Inventory:

Hand Weapons
 f - a +0 flail of holy wrath
 Y - a +0 hand axe (weapon)
Armour
 a - a +0 pair of gloves
 g - a +0 chain mail (worn)
Scrolls
 b - a scroll of magic mapping {unknown}
 c - a scroll of blinking {unknown}
 i - 2 scrolls of teleportation
 j - a scroll of vulnerability {unknown}
Potions
 d - a potion of haste {unknown}
 e - a potion of mutation {unknown}
 h - a potion of heal wounds {unknown}

Dungeon Overview and Level Annotations

Branches:
Dungeon (3/15)

Altars:


Message History

You are more poisoned.
You feel very sick.
3690 ||| FLEEEEING.
You feel very sick.
The kobold throws a poisoned dart.
The poisoned dart hits you!
You are more poisoned.
3691 ||| FLEEEEING.
You feel very sick.
3692 ||| FLEEEEING.
You feel very sick.
The kobold throws a poisoned dart.
The poisoned dart hits you!
You are more poisoned.
3693 ||| FLEEEEING.
You feel very sick.
3694 ||| FLEEEEING.
You feel very sick.
You feel very sick.
You feel sick.
3697 ||| FLEEEEING.
You feel sick.
The kobold throws a poisoned dart.
The poisoned dart hits you!
You are more poisoned.
3698 ||| FLEEEEING.
You feel very sick.
3699 ||| FLEEEEING.
You feel very sick.
You feel sick.
You feel sick.
You feel sick.
You feel sick.
The kobold throws a poisoned dart.
The poisoned dart hits you!
You are lethally poisoned!
3704 ||| FLEEEEING.
You feel very sick.
3705 ||| FLEEEEING.
You feel sick.
3706 ||| FLEEEEING.
You feel sick.
The kobold throws a poisoned dart.
The poisoned dart barely misses you.
There is an open door here.
3707 ||| FLEEEEING.
You die...

##...## #....#
##.....## #.#..#
##.......## ##.#..#
#.........####.....##
+.........+..........
#.........####...#..#
##.......## ##.....#
##.....## #####.# #
##@..## ..# #. ##'##
### .## #.# .. #.#
#.## ##.## #..#
##...## #.###.K###
#.....# #........#
##...#####.#
##.###.#.#
##K#(.....#


There were no monsters in sight!

Vanquished Creatures
  Sigmund (D:2)
  Terence (D:2)
  Natasha (thrice) (D:2)
  4 gnolls
  4 adders
  3 worms
  3 dart slugs
  5 orcs (D:3)
  10 bats
  4 endoplasms
  4 giant cockroaches
  2 goblins (D:2)
  6 hobgoblins
  2 jackals (D:3)
  A quokka (D:2)
  5 ball pythons
  A frilled lizard (D:1)
  4 kobolds
  8 rats
71 creatures vanquished.

Vanquished Creatures (others)
  5 plants (D:2)
5 creatures vanquished.

Grand Total: 76 creatures vanquished

Notes
Turn   | Place    | Note
-------+----------+-------------------------------------------
     0 | D:1      | qw the Minotaur Berserker began the quest for the Orb.
     0 | D:1      | Reached XP level 1. HP: 19/19 MP: 0/0
     0 | D:1      | 0 ||| qw: Version: 0.1-a-119-g272c26d
     0 | D:1      | 0 ||| qw: Game counter: 11139
     0 | D:1      | 0 ||| qw: Always use a shield: true
     0 | D:1      | 0 ||| qw: Do Orc after D:15 true
     0 | D:1      | 0 ||| qw: Do second Lair branch before Depths: true
     0 | D:1      | 0 ||| qw: Lair rune preference: random
     0 | D:1      | 0 ||| qw: Plans: Normal
     0 | D:1      | 0 ||| PLANNING D:1-11
   178 | D:1      | Reached skill level 4 in Axes
   292 | D:1      | 292 ||| INVOKING Berserk.
   294 | D:1      | Reached XP level 2. HP: 26/26 MP: 1/1
   580 | D:1      | Found a faded altar of an unknown god.
   606 | D:1      | Reached skill level 5 in Axes
   613 | D:1      | 613 ||| Stepping ~*~*~tactically~*~*~ (stealth).
   616 | D:1      | 616 ||| Stepping ~*~*~tactically~*~*~ (hiding).
   617 | D:1      | 617 ||| Stepping ~*~*~tactically~*~*~ (hiding).
   620 | D:1      | 620 ||| Stepping ~*~*~tactically~*~*~ (hiding).
   756 | D:1      | Reached XP level 3. HP: 31/31 MP: 2/2
  1167 | D:1      | 1167 ||| UPGRADING to +0 ring mail.
  1177 | D:1      | 1177 ||| DROPPING +0 animal skin.
  1178 | D:1      | 1178 ||| DROPPING orb of wrath.
  1179 | D:1      | 1179 ||| UPGRADING to +0 chain mail.
  1189 | D:1      | 1189 ||| DROPPING +0 ring mail.
  1190 | D:1      | 1190 ||| READING scroll labelled MYG VUAZXYUKOL.
  1240 | D:2      | Noticed Sigmund
  1244 | D:2      | 1244 ||| INVOKING Berserk.
  1249 | D:2      | Killed Sigmund
  1250 | D:2      | Reached skill level 7 in Axes
  1250 | D:2      | Reached XP level 4. HP: 39/39 MP: 3/3
  1250 | D:2      | Reached XP level 5. HP: 45/45 MP: 4/4
  1515 | D:2      | 1515 ||| INVOKING Berserk.
  1752 | D:2      | Noticed Natasha
  1753 | D:2      | 1753 ||| Stepping ~*~*~tactically~*~*~ (hiding).
  1757 | D:2      | 1757 ||| INVOKING Berserk.
  1759 | D:2      | Killed Natasha
  1760 | D:2      | Reached XP level 6. HP: 52/52 MP: 5/5
  1933 | D:2      | Noticed Natasha
  1935 | D:2      | 1935 ||| INVOKING Berserk.
  1937 | D:2      | Killed Natasha
  1938 | D:2      | Reached skill level 8 in Axes
  2200 | D:2      | 2200 ||| Stepping ~*~*~tactically~*~*~ (hiding).
  2339 | D:2      | Noticed Natasha
  2343 | D:2      | 2343 ||| INVOKING Berserk.
  2345 | D:2      | Killed Natasha
  2595 | D:2      | Noticed Terence
  2596 | D:2      | 2596 ||| INVOKING Berserk.
  2599 | D:2      | Killed Terence
  2856 | D:2      | Reached ** piety under Trog
  3073 | D:2      | 3073 ||| READING scroll labelled OROACIDAVE.
  3174 | D:2      | 3174 ||| READING scroll labelled SOPORU US SUETT.
  3175 | D:2      | 3175 ||| READING scroll labelled IMIXZE UMAT.
  3208 | D:3      | 3208 ||| Stepping ~*~*~tactically~*~*~ (stealth).
  3210 | D:3      | 3210 ||| Stepping ~*~*~tactically~*~*~ (stealth).
  3214 | D:3      | 3214 ||| Stepping ~*~*~tactically~*~*~ (stealth).
  3248 | D:3      | 3248 ||| Stepping ~*~*~tactically~*~*~ (stealth).
  3690 | D:3      | 3690 ||| FLEEEEING.
  3691 | D:3      | 3691 ||| FLEEEEING.
  3692 | D:3      | 3692 ||| FLEEEEING.
  3693 | D:3      | 3693 ||| FLEEEEING.
  3694 | D:3      | 3694 ||| FLEEEEING.
  3697 | D:3      | 3697 ||| FLEEEEING.
  3698 | D:3      | 3698 ||| FLEEEEING.
  3699 | D:3      | 3699 ||| FLEEEEING.
  3699 | D:3      | HP: 13/52 [poisoned by a kobold]
  3704 | D:3      | 3704 ||| FLEEEEING.
  3704 | D:3      | HP: 5/52 [poisoned by a kobold]
  3705 | D:3      | 3705 ||| FLEEEEING.
  3706 | D:3      | 3706 ||| FLEEEEING.
  3706 | D:3      | HP: 1/52 [poisoned by a kobold]
  3707 | D:3      | 3707 ||| FLEEEEING.
  3707 | D:3      | Succumbed to a kobold's poison

Levels and vault maps discovered:
D:1:      dpeg_arrival_shelter, layout_loops_corners,
          shapermc_ecumenical_altar_pompeii
D:2:      layout_loops_corners, serial_forest, infiniplex_forest_straight_4,
          infiniplex_forest_straight_3, infiniplex_forest_straight_2,
          infiniplex_forest_clump_tiny, infiniplex_forest_straight_3,
          infiniplex_forest_end_3, infiniplex_forest_pool,
          infiniplex_forest_end_2, uniq_natasha, uniq_terence, uniq_sigmund
D:3:      layout_loops_corners

Skill      XL: |  1  2  3  4  5  6 |
---------------+-------------------+-----
Axes           | 4 5 7 8 |  8.9
Fighting       | 4 |  4.1
Armour         | |  2.4
Dodging        | |  2.1

Action                   |  1- 3 |  4- 6 || total
-------------------------+-------+-------++-------
Melee: Hand axe          |    40 |   106 ||   146
       Headbutt          |     3 |    16 ||    19
       Unarmed           |       |     1 ||     1
Invok: Berserk           |     2 |     5 ||     7
  Use: Scroll            |     1 |     3 ||     4
Armor: Animal skin       |     7 |       ||     7
       Chain mail        |       |    39 ||    39
Dodge: Dodged            |    25 |    46 ||    71

Table legend:
 A = Non-vault XP
 B = Vault XP
 C = Vault XP percentage of total XP
 D = Non-vault monster count
 E = Vault monster count
 F = Vault count percentage of total count
                 A         B        C        D         E       F
            +---------+---------+-------+---------+---------+-------
      Total |     295 |     302 |  50.6 |      68 |       3 |   4.2
            +---------+---------+-------+---------+---------+-------
        D:1 |      43 |       0 |   0.0 |      17 |       0 |   0.0
        D:2 |     189 |     302 |  61.5 |      31 |       3 |   8.8
        D:3 |      63 |       0 |   0.0 |      20 |       0 |   0.0
            +---------+---------+-------+---------+---------+-------
